 Dungeon Crawl Stone Soup version 0.17.1-1-g73c8601 (webtiles) character file.

517 Metrazal the Covert (level 7, -2/34 HPs)
             Began as a Spriggan Assassin on Jan 1, 2016.
             Slain by SomeoneSimple's ghost (3 damage)
             ... on level 5 of the Dungeon on Jan 2, 2016.
             The game lasted 01:46:20 (6731 turns).

Metrazal the Covert (Spriggan Assassin)             Turns: 6731, Time: 01:46:21

Health: -2/34      AC:  3    Str: 14    XL:     7   Next: 0%
Magic:  8/8        EV: 18    Int: 13    God:
Gold:   310        SH:  0    Dex: 17    Spells: 0 memorised, 6 levels left

rFire  . . .     SeeInvis +     a - +2 dagger
rCold  . . .     Clarity  .     c - +0 robe
rNeg   . . .     SustAt   .     (shield restricted)
rPois  .         Gourm    .     (helmet restricted)
rElec  .         Spirit   .     d - +0 cloak
rCorr  .         Warding  .     (gloves unavailable)
rMut   .         Stasis   .     (boots unavailable)
MR     +....                    (no amulet)
Stlth  +++++.....               (no ring)
                                (no ring)

@: mighty, very quick, somewhat resistant to hostile enchantments, quite
stealthy
A: unfitting armour, see invisible, herbivore 3, speed 3, slow metabolism 2
a: no special abilities


You were on level 5 of the Dungeon.
You were not hungry.

You visited 1 branch of the dungeon, and saw 5 of its levels.

You collected 310 gold pieces.

Inventory:

Hand Weapons
 a - a +2 dagger (weapon)
 b - a +0 blowgun
 y - a +2 hunting sling {Met}
Missiles
 f - a curare-tipped needle
 l - 116 stones (quivered)
Armour
 c - a +0 robe (worn)
 d - a +0 cloak (worn)
Magical Staves
 s - an uncursed staff of air
Jewellery
 h - a +2 ring of protection {unknown}
 z - an uncursed ring of protection from cold {unknown}
Wands
 e - a wand of flame (22)
Scrolls
 n - 2 scrolls of remove curse
 t - 3 scrolls of teleportation
Potions
 j - 2 potions of degeneration {unknown}
 k - a potion of mutation {unknown}
 o - a potion of ambrosia {unknown}
 q - 2 potions of curing {unknown}
 u - a potion of brilliance {unknown}
 x - a potion of invisibility {unknown}
Comestibles
 g - 2 bread rations
 p - a slice of pizza
 r - 13 fruits


   Skills:
 + Level 1.7 Fighting
 + Level 2.3 Short Blades
 + Level 5.5(6.3) Slings
 + Level 3.8(4.8) Throwing
 + Level 2.7 Dodging
 + Level 8.6 Stealth


You had 6 spell levels left.
You didn't know any spells.

Dungeon Overview and Level Annotations

Branches:
Dungeon (5/15)
 Temple: D:4-7

Altars:
Makhleb
Sif Muna
Vehumet

Annotations:
D:5 SomeoneSimple's ghost, novice KoAs


Innate Abilities, Weirdness & Mutations

You are tiny and cannot use many weapons and most armour.
You have supernaturally acute eyesight.
You are a herbivore.
You cover ground extremely quickly.
You need consume almost no food.


Message History

SomeoneSimple's ghost misses you.
You completely miss SomeoneSimple's ghost.
SomeoneSimple's ghost is almost destroyed.
SomeoneSimple's ghost tries to sneak away.
SomeoneSimple's ghost hits you but does no damage.
You miss SomeoneSimple's ghost.
SomeoneSimple's ghost is almost destroyed.
SomeoneSimple's ghost hits you.
* * * LOW HITPOINT WARNING * * *
You puncture SomeoneSimple's ghost!
SomeoneSimple's ghost is almost destroyed.
SomeoneSimple's ghost misses you.
You completely miss SomeoneSimple's ghost.
SomeoneSimple's ghost is almost destroyed.
SomeoneSimple's ghost hits you.
* * * LOW HITPOINT WARNING * * *
You miss SomeoneSimple's ghost.
SomeoneSimple's ghost is almost destroyed.
SomeoneSimple's ghost hits you.
You die...

## ######## #
#......# # #......# #
#......#####
##?.....##...
#............
#######...........#
#(@..(.............
#.W...(............
#..................
###..................
#...(..>(............
#...(...(............
#....................
#...(................
#...(....(...........


You could see SomeoneSimple's ghost.

Vanquished Creatures
  An ogre (D:4)
  4 hounds (D:4)
  3 orc wizards
  Natasha (thrice) (D:3)
  A worker ant (D:4)
  5 gnolls (D:3)
  Robin (D:2)
  3 adders
  4 worms
  A giant gecko (D:3)
  8 orcs
  A ball python (D:4)
  9 giant cockroaches
  16 goblins
  5 hobgoblins
  4 jackals (D:3)
  A quokka (D:4)
  12 bats
  3 giant newts
  2 jackal skeletons (D:4)
  7 kobolds
  6 rats
  4 plants (D:2)
104 creatures vanquished.

Notes
Turn   | Place    | Note
--------------------------------------------------------------
     0 | D:1      | Metrazal the Spriggan Assassin began the quest for the Orb.
     0 | D:1      | Reached XP level 1. HP: 10/10 MP: 2/2
    84 | D:1      | Reached skill level 6 in Stealth
   256 | D:1      | Reached XP level 2. HP: 13/15 MP: 3/3
  1355 | D:2      | Reached skill level 7 in Stealth
  1577 | D:2      | Reached XP level 3. HP: 18/18 MP: 4/4
  2450 | D:2      | Found a burning altar of Makhleb.
  2514 | D:2      | Noticed a balrug
  2518 | D:2      | Noticed an orange demon
  2518 | D:2      | Noticed an orange demon
  2694 | D:2      | Noticed Robin
  2728 | D:2      | Killed Robin
  2728 | D:2      | Reached skill level 1 in Slings
  2857 | D:2      | Reached XP level 4. HP: 23/23 MP: 5/5
  3632 | D:3      | Noticed Natasha
  3642 | D:3      | Killed Natasha
  3642 | D:3      | Reached XP level 5. HP: 18/26 MP: 6/6
  4012 | D:3      | Noticed Natasha
  4019 | D:3      | Killed Natasha
  4160 | D:3      | Noticed Natasha
  4169 | D:3      | Killed Natasha
  4278 | D:3      | Found a deep blue altar of Sif Muna.
  4293 | D:3      | Reached skill level 8 in Stealth
  4441 | D:4      | Noticed an ogre
  4454 | D:4      | Killed an ogre
  4454 | D:4      | Reached XP level 6. HP: 30/30 MP: 7/7
  5414 | D:4      | Found a radiant altar of Vehumet.
  5428 | D:4      | Reached skill level 5 in Slings
  5841 | D:4      | Reached XP level 7. HP: 27/34 MP: 8/8
  6152 | D:5      | Entered Level 5 of the Dungeon
  6414 | D:5      | Noticed SomeoneSimple's ghost (novice KoAs)
  6730 | D:5      | HP: 1/34 [SomeoneSimple's ghost (1)]
  6731 | D:5      | Slain by SomeoneSimple's ghost

Action                   |  1- 3 |  4- 6 |  7- 9 || total
-------------------------+-------+-------+-------++-------
Melee: Dagger            |     3 |       |    45 ||    48
       Staff             |       |       |     3 ||     3
 Fire: Blowgun           |    58 |    49 |       ||   107
       Hunting sling     |   236 |   139 |    49 ||   424
Throw: Stone             |     1 |       |       ||     1
       Tomahawk          |       |       |     8 ||     8
Evoke: Wand              |       |       |     2 ||     2
  Use: Scroll            |       |    11 |       ||    11
       Potion            |       |       |     1 ||     1
 Stab: Sleeping          |    26 |    12 |       ||    38
       Distracted        |       |     1 |       ||     1
  Eat: Pizza             |       |     1 |       ||     1
